 Seeded DCSS version 0.29.1-2-gbd0b4ee654 (webtiles) character file.

Game seed: 11572710697946434321 (custom seed)

133 gzilladon the Trooper (level 5, 0/54 HPs)
             Began as an Ogre Gladiator on Nov 9, 2022.
             Was an Initiate of Hepliaklqana.
             Killed from afar by Natasha (7 damage)
             ... with a magic dart
             ... on level 2 of the Dungeon.
             The game lasted 00:06:46 (2828 turns).

gzilladon the Trooper (Ogre Gladiator)              Turns: 2828, Time: 00:06:46

Health: 0/54       AC:  0    Str: 20    XL:     5   Next: 16%
Magic:  5/5        EV: 20    Int:  9    God:    Hepliaklqana [......]
Gold:   146        SH:  0    Dex: 15    Spells: 4/4 levels left

rFire   . . .      SeeInvis .   (weapon currently unavailable)
rCold   . . .      Faith    .   (shield currently unavailable)
rNeg    . . .      Spirit   .   (body armour currently unavailable)
rPois   .          Reflect  .   (helmet currently unavailable)
rElec   .          Harm     .   (cloak currently unavailable)
rCorr   .          Rampage  .   (gloves unavailable)
Will    .....                   (boots unavailable)
Stlth   +.........              (no amulet)
HPRegen 0.18/turn               (ring currently unavailable)
MPRegen 0.09/turn               (ring currently unavailable)

@: bat-form, flying, very quick
A: fast, flying, no casting, tiny, unfitting armour, (tough skin 1)
a: Renounce Religion


You were on level 2 of the Dungeon.
You worshipped Hepliaklqana.
Hepliaklqana was noncommittal.
You were a bat.
You visited 1 branch of the dungeon, and saw 3 of its levels.

You collected 146 gold pieces.

Inventory:

Hand Weapons
 a - a +0 war axe (melded)
Missiles
 d - 3 throwing nets (quivered)
 e - a large rock
 h - 20 stones
 m - 2 boomerangs
Armour
 b - a +0 robe (melded)
 c - a +0 hat (melded)
 n - a +0 ring mail
 p - a +0 chain mail
Jewellery
 i - a ring of wizardry
Scrolls
 j - 2 scrolls of identify {unknown}
 o - 2 scrolls of teleportation {unknown}
Potions
 f - 3 potions of heal wounds {unknown}
 g - 2 potions of brilliance {unknown}
 k - a potion of lignification {unknown}
 l - a potion of haste {unknown}


   Skills:
 + Level 4.1 Fighting
 + Level 3.8 Axes
 + Level 3.0 Throwing
 + Level 3.4 Dodging


You had 4 spell levels left.
You didn't know any spells.
Your spell library was empty.

Dungeon Overview and Level Annotations

Branches:
Dungeon (3/15)

Altars:
Hepliaklqana

Annotations:
D:2 Natasha


Innate Abilities, Weirdness & Mutations

You are a bat.
You are tiny and dextrous.
You move quickly.
You are flying.
Your equipment is almost entirely melded.
You are incapable of wielding weapons or throwing items.
You cannot cast spells.
You are too large for most types of armour.
((You have tough skin. (AC +1)))


Message History

Your +0 hat melds into your body.
Your +0 robe melds into your body.
You hit Natasha.
Natasha is severely wounded.
Natasha claws you.
* * * LOW HITPOINT WARNING * * *
You hit Natasha but do no damage.
Natasha is severely wounded.
Natasha mumbles some strange words.
You hit Natasha.
Natasha is almost dead.
Natasha claws you!
* * * LOW HITPOINT WARNING * * *
You hit Natasha but do no damage.
Natasha is almost dead.
Natasha completely misses you.
You hit Natasha but do no damage.
Natasha is almost dead.
The crimson imp closely misses you.
Natasha drinks a potion.
Natasha is healed!
You hit Natasha but do no damage.
Natasha is heavily wounded.
The crimson imp hits you.
* * * LOW HITPOINT WARNING * * *
Natasha closely misses you.
You hit Natasha but do no damage.
Natasha is heavily wounded.
The crimson imp misses you. Natasha completely misses you.
You hit Natasha but do no damage.
Natasha is heavily wounded.
The crimson imp hits you.
* * * LOW HITPOINT WARNING * * *
Natasha misses you.
You hit Natasha.
Natasha is heavily wounded.
The crimson imp misses you.
You hit Natasha but do no damage.
Natasha is heavily wounded.
Natasha hisses.
Natasha stares at you and mumbles some strange words.
The magic dart hits you!
You die...

..#######..#.#.##.##..
.......##..#...# ?# .
..#....###.#...# # ..
..#....# #.#...# ...
(.##...#
#.#รท#.#####....
..####.###.#.#..........
#..........#.###..######
##...........###.##
####.......#)).hb#######
.# ####....#.##5##.....#
.## ####.#...........#
..# ###...#...........#
..# ##.....######......#
..###......# ##.....#
...##..###.# #.....#
...#...###.# #.....#
...#...##..#############


You could see Natasha and a crimson imp (summoned).

Vanquished Creatures
  Natasha (twice) (D:2)
  Terence (D:2)
  2 adders (D:2)
  A worm (D:2)
  5 endoplasms
  3 giant cockroaches
  6 goblins
  4 hobgoblins
  2 jackals (D:3)
  A quokka (D:2)
  7 ball pythons
  A bat (D:1)
  4 kobolds (D:1)
  3 rats
42 creatures vanquished.

Notes
Turn   | Place    | Note
-------+----------+-------------------------------------------
     0 | D:1      | gzilladon the Ogre Gladiator began the quest for the Orb.
     0 | D:1      | Reached XP level 1. HP: 22/22 MP: 1/1
   167 | D:2      | Reached skill level 3 in Fighting
   167 | D:2      | Reached XP level 2. HP: 14/31 MP: 2/2
   539 | D:3      | Found a hazy altar of Hepliaklqana.
   543 | D:3      | Became a worshipper of Hepliaklqana the Forgotten
   840 | D:1      | Reached XP level 3. HP: 37/37 MP: 3/3
  1206 | D:1      | Found a faded altar of an unknown god.
  1781 | D:2      | Reached XP level 4. HP: 25/43 MP: 4/4
  1792 | D:2      | Noticed Terence
  1979 | D:2      | Killed Terence
  2223 | D:2      | Noticed Natasha
  2233 | D:2      | Killed Natasha
  2234 | D:2      | Reached skill level 4 in Fighting
  2495 | D:2      | Noticed Natasha
  2517 | D:2      | Killed Natasha
  2518 | D:2      | Reached XP level 5. HP: 13/54 MP: 5/5
  2800 | D:2      | Noticed Natasha
  2828 | D:2      | Killed from afar by Natasha

Illustrated notes

Levels and vault maps discovered:
D:1:      amcnicky_arrival_choice, layout_rooms, ebering_ecumenical_altar_hall,
          grunt_decor_cap, minmay_pentomino_r4
D:2:      minmay_recursive_quarters, layout_rooms, minmay_split_cup_small,
          uniq_natasha, uniq_terence
D:3:      layout_basic, grunt_temple_overflow_diamond, uniq_sigmund

Skill      XL: |  1  2  3  4 |
---------------+-------------+-----
Fighting       | 3 4 |  4.1
Dodging        | 3 |  3.4
Throwing       | 3 |  3.0
Axes           | |  3.8

Action                   |  1- 3 |  4- 6 || total
-------------------------+-------+-------++-------
Melee: War axe           |   110 |    40 ||   150
       Punch             |     1 |       ||     1
       Unarmed           |       |    24 ||    24
Armor: Robe              |    37 |     2 ||    39
Dodge: Dodged            |    56 |    33 ||    89
